Map: Old Republic LE

Players

HoldTheDoor - Winner!

  • Race: Protoss Protoss
  • League: Diamond
  • Spawn Location: 7:00

SiegeFiend

  • Race: Terran Terran
  • Spawn Location: 1:00

VOD

Have the link to the VOD?

Description

Time

  • Played on: May 2, 2026, 2:17 p.m.
  • Length: 17:42
Show
View Real Time Build Order
Export as new Build Order

HoldTheDoor Protoss - Winner!

Build Orders: 1 Gate Expand 

Get SALT Encoding   

  12  0:00  Probe  
  13  0:12  Probe  
  14  0:18  Pylon  
  14  0:24  Probe  
  15  0:32  Probe  
  15  0:39  Gateway  
  15  0:40  Probe  
  16  0:48  Assimilator  
  17  0:52  Probe  
  18  1:04  Pylon, Probe  
  19  1:16  Probe  
  20  1:33  Nexus  
  20  1:36  Cybernetics Core  
  20  1:37  Probe  
  21  1:45  Assimilator  
  21  1:50  Probe  
  22  1:55  Pylon  
  22  2:02  Probe  
  22  2:04  Adept  
  23  2:14  Probe  
  26  2:16  Warp Gate  
  26  2:26  Probe  
  27  2:33  Sentry  
  29  2:37  Pylon  
  29  2:38  Probe  
  30  2:44  Probe  
  30  2:50  Robotics Facility, Probe  
  32  2:57  Shield Battery  
  32  3:04  Probe  
  33  3:09  Probe, Shield Battery  
  34  3:17  Zealot  
  36  3:20  Probe  
  36  3:26  Twilight Council  
  37  3:28  Probe  
  37  3:30  Gateway  
  38  3:35  Probe  
  38  3:40  Probe  
  40  3:44  Observer  
  41  3:52  Forge  
  41  3:56  Gateway  
  41  3:57  Pylon  
  41  3:58  Probe  
  41  4:00  Pylon  
  42  4:04  Pylon  
  42  4:12  Immortal  
  42  4:13  Blink  
  46  4:28  Photon Cannon  
  46  4:33  Probe  
  46  4:34  Photon Cannon  
  46  4:37  Probe  
  48  4:39  Pylon  
  48  4:40  Sentry  
  48  4:44  Stalker  
  52  4:47  Probe  
  53  5:18  Stalker x2  
  53  5:19  Stalker  
  59  5:22  Probe  
  59  5:27  Pylon  
  60  5:31  Immortal  
  64  5:39  Probe  
  65  5:45  Gateway  
  65  5:47  Assimilator  
  65  5:48  Assimilator  
  65  5:50  Pylon  
  65  5:51  Stalker x2  
  67  6:16  Probe  
  68  6:21  Probe  
  68  6:22  Charge  
  69  6:26  Gateway  
  69  6:29  Stargate  
  69  6:31  Gateway  
  69  6:32  Probe  
  70  6:33  Protoss Ground Weapons Level 1  
  70  6:39  Probe  
  71  6:42  Zealot x4  
  71  6:44  Probe  
  80  6:48  Nexus  
  80  6:50  Pylon  
  80  6:52  Probe, Observer  
  82  6:58  Photon Cannon  
  82  6:59  Probe  
  83  7:04  Probe  
  83  7:06  Zealot x2  
  88  7:09  Sentry  
  88  7:11  Probe  
  88  7:13  Pylon  
  91  7:18  Photon Cannon  
  91  7:22  Shield Battery  
  91  7:25  Probe x2  
  93  7:37  Zealot x4  
  93  7:39  Probe  
  102  7:45  Probe  
  102  7:46  Pylon  
  103  7:51  Immortal  
  103  7:54  Probe  
  108  8:04  Robotics Bay  
  108  8:05  Stalker  
  110  8:22  Photon Cannon  
  110  8:24  Pylon  
  110  8:30  Photon Cannon  
  110  8:32  Photon Cannon, Zealot  
  112  8:35  Zealot  
  112  8:36  Photon Cannon  
  112  8:37  Pylon  
  112  8:41  Pylon, Colossus, Templar Archives  
  114  8:43  Protoss Ground Armor Level 1  
  115  8:48  Probe  
  121  9:00  Protoss Air Weapons Level 1  
  121  9:01  Phoenix  
  123  9:10  Probe x2  
  123  9:13  Gateway  
  123  9:14  Gateway  
  123  9:16  Assimilator, Probe  
  126  9:19  Assimilator  
  126  9:23  Probe x2  
  128  9:28  Probe  
  129  9:35  Probe  
  130  9:40  Probe x2  
  130  9:44  Colossus  
  134  9:47  Probe  
  134  9:52  Probe  
  136  9:54  Phoenix  
  136  9:55  Probe  
  136  9:58  Psionic Storm, Fleet Beacon  
  139  10:00  Probe  
  139  10:04  Probe  
  141  10:07  Probe  
  141  10:11  Photon Cannon  
  141  10:12  High Templar x2  
  141  10:13  Probe  
  147  10:14  Zealot  
  147  10:15  Zealot x2  
  147  10:18  High Templar  
  147  10:21  Archon  
  151  10:33  Zealot x2  
  139  10:43  Colossus  
  139  10:49  Probe  
  146  10:58  Photon Cannon  
  146  10:59  Photon Cannon  
  146  11:01  Photon Cannon  
  146  11:02  Pylon  
  146  11:03  Zealot  
  146  11:04  Zealot x7  
  154  11:07  Pylon  
  162  11:38  Tempest  
  166  11:45  Zealot  
  168  11:50  Zealot x2  
  166  12:13  Probe  
  167  12:20  Nexus  
  167  12:21  Probe x2  
  169  12:23  Pylon  
  169  12:24  High Templar x5  
  169  12:25  High Templar  
  169  12:26  Pylon  
  169  12:29  Archon x2  
  181  12:30  Archon, Pylon  
  181  12:35  Pylon  
  181  12:37  Pylon  
  181  12:45  Colossus  
  187  12:51  Tempest  
  112  13:37  Stalker  
  112  13:38  Stalker x2  
  112  13:39  Stalker x5  
  112  13:41  Tempest  
  128  13:56  Gateway  
  128  13:57  Gateway  
  128  13:59  Gateway  
  128  14:02  Gateway x2  
  128  14:06  Gateway  
  128  14:08  High Templar  
  130  14:10  High Templar x3  
  130  14:11  High Templar x4, Gateway  
  130  14:15  Photon Cannon, Archon x2  
  144  14:17  Photon Cannon  
  144  14:18  Photon Cannon  
  144  14:19  Immortal  
  144  14:20  Photon Cannon  
  144  14:23  Photon Cannon  
  148  14:24  Photon Cannon  
  148  14:29  Photon Cannon  
  148  14:33  Pylon  
  148  14:36  Pylon  
  148  14:39  Pylon  
  148  14:45  Tempest  
  152  14:52  Stalker  
  154  14:53  Stalker x9  
  172  15:01  Assimilator, Probe  
  172  15:02  Probe  
  174  15:09  Assimilator  
  174  15:11  Photon Cannon  
  174  15:14  Photon Cannon  
  174  15:25  Photon Cannon  
  174  15:33  Tempest  
  178  15:36  Photon Cannon  
  178  15:37  Stalker x3, Photon Cannon  
  178  15:40  Pylon  
  178  15:41  High Templar x3  
  190  15:44  High Templar x2  
  190  15:46  Pylon  
  190  15:47  High Templar  
  190  15:48  Archon x2  
  196  15:50  Archon  
  196  16:17  Nexus  
  196  16:20  Pylon  
  196  16:22  Pylon  
  196  16:25  Assimilator  
  196  16:31  Assimilator  
  196  16:32  Pylon  
  196  16:35  Pylon  
  196  16:43  Tempest  
Show
View Real Time Build Order
Export as new Build Order

SiegeFiend Terran 

Build Orders:  

Get SALT Encoding   

  12  0:00  SCV  
  13  0:12  SCV  
  14  0:18  Supply Depot  
  14  0:26  SCV  
  15  0:39  SCV  
  15  0:40  Barracks  
  16  0:46  Refinery  
  16  0:51  SCV  
  17  1:03  SCV  
  18  1:16  SCV  
  19  1:34  Marine  
  19  1:38  Command Center  
  20  1:52  Orbital Command  
  20  2:10  Factory  
  20  2:14  Marine  
  21  2:21  SCV  
  22  2:24  Supply Depot  
  22  2:31  Refinery  
  22  2:33  SCV  
  22  2:35  Barracks Reactor  
  23  2:46  SCV  
  24  2:53  Orbital Command  
  24  2:54  Bunker  
  24  3:02  Widow Mine  
  24  3:03  SCV  
  27  3:09  Starport  
  27  3:11  Marine  
  28  3:16  SCV  
  29  3:25  SCV  
  30  3:27  Widow Mine  
  30  3:31  SCV  
  33  3:36  Marine x2  
  33  3:37  SCV  
  36  3:48  Medivac  
  38  3:52  Factory Tech Lab  
  38  3:54  SCV x2  
  40  3:58  Marine x2  
  42  4:06  Command Center  
  42  4:07  SCV x2  
  44  4:13  Supply Depot  
  44  4:19  SCV x2  
  46  4:24  Starport Tech Lab  
  46  4:28  Barracks  
  46  4:33  Barracks  
  46  4:34  SCV  
  46  4:37  SCV  
  48  4:41  Siege Tank  
  48  4:45  Supply Depot  
  51  4:46  SCV  
  51  4:49  Marine x2  
  54  4:59  Refinery  
  54  5:06  SCV, Raven  
  53  5:20  Marine x2  
  53  5:21  Orbital Command  
  55  5:26  SCV  
  55  5:27  SCV  
  55  5:28  Supply Depot  
  57  5:36  Stimpack  
  57  5:37  Marauder  
  57  5:38  SCV  
  57  5:39  SCV  
  61  5:44  Engineering Bay x2  
  61  5:50  Marine x2, SCV  
  61  5:51  SCV x2  
  61  5:54  Starport Reactor, Supply Depot  
  61  5:56  Refinery  
  66  5:58  Marauder  
  66  5:59  Combat Shield  
  66  6:00  Supply Depot  
  66  6:03  SCV  
  68  6:22  Terran Infantry Weapons Level 1, Terran Infantry Armor Level 1, Marine x3  
  68  6:23  Marauder  
  68  6:25  SCV x3  
  76  6:32  Medivac x2  
  80  6:41  Marauder  
  80  6:47  Orbital Command  
  82  6:57  SCV x2  
  84  7:06  Marine x2  
  84  7:07  Marauder x2, Factory Tech Lab  
  84  7:08  Medivac x2  
  94  7:09  SCV  
  94  7:14  Barracks, Armory  
  95  7:16  Barracks  
  95  7:21  Supply Depot  
  95  7:22  Supply Depot  
  95  7:31  Marine x2  
  95  7:32  Marauder x2  
  101  7:37  SCV x2  
  101  7:38  SCV  
  104  7:45  Medivac x2  
  104  7:49  SCV  
  109  7:52  Siege Tank  
  109  7:53  Marine  
  109  7:54  Marine  
  114  7:59  SCV x2  
  114  8:01  Marauder x2  
  120  8:06  SCV  
  120  8:09  Refinery x2, Ghost Academy  
  120  8:11  SCV x2  
  121  8:15  Marine x2  
  121  8:16  Barracks Reactor, Barracks Tech Lab  
  121  8:18  SCV  
  124  8:23  SCV  
  124  8:25  Supply Depot  
  125  8:27  SCV  
  125  8:28  Supply Depot  
  125  8:29  Siege Tank  
  125  8:30  SCV  
  130  8:37  Marine  
  130  8:38  Marauder x3, Marine  
  130  8:40  Terran Infantry Weapons Level 2  
  130  8:41  Terran Infantry Armor Level 2  
  138  8:42  Concussive Shells  
  138  8:47  SCV  
  138  8:48  SCV x2  
  141  8:51  Supply Depot x2  
  141  8:52  Supply Depot  
  141  9:00  Marine x4  
  141  9:02  Ghost x2  
  149  9:05  Ghost  
  151  9:13  Medivac  
  153  9:22  Supply Depot  
  153  9:24  SCV x3  
  153  9:29  Marine x3  
  153  9:30  Marine  
  153  9:31  Command Center, Medivac  
  161  9:43  SCV x2, Medivac  
  165  9:49  Ghost  
  165  9:50  Marine  
  165  9:51  Marine x3, Marauder x2  
  175  10:02  Medivac  
  177  10:08  Marine  
  177  10:13  Barracks x3  
  178  10:15  Starport, Medivac  
  176  10:33  Marine  
  176  10:34  Marine x4  
  176  10:35  Marauder x2  
  178  10:36  Viking  
  177  10:54  Marine x4  
  177  10:55  Marauder  
  177  10:56  Ghost, Marauder  
  187  11:04  SCV x3  
  187  11:08  Barracks Tech Lab, Barracks Reactor  
  187  11:09  Barracks Reactor  
  190  11:14  Terran Infantry Weapons Level 3, Terran Infantry Armor Level 3  
  190  11:15  Command Center  
  190  11:16  Ghost, SCV  
  190  11:17  Terran Ship Weapons Level 1  
  193  11:18  Command Center  
  162  11:48  Marine  
  162  11:49  Marine x5, Ghost  
  162  11:50  Marauder x3  
  171  11:58  Viking x2  
  167  12:08  Marine  
  153  12:09  Marine x6  
  153  12:10  Marine, Ghost  
  153  12:12  Starport Reactor  
  153  12:13  Starport  
  160  12:19  SCV x2  
  160  12:20  SCV  
  163  12:30  Marine  
  145  12:39  Marine x7  
  145  12:40  Ghost x2, Marauder x2  
  154  12:45  SCV x4  
  158  12:55  Viking x4  
  158  12:57  Orbital Command  
  148  13:14  Marine  
  148  13:16  Marine x8  
  148  13:17  Marauder x3  
  153  13:25  Viking  
  123  13:32  Marine  
  123  13:34  Viking x3  
  112  13:35  Marauder  
  112  13:38  Marauder  
  118  13:44  Marine  
  118  13:45  Marine x5  
  124  13:55  Viking  
  126  13:59  Terran Ship Weapons Level 2  
  126  14:00  Command Center  
  126  14:04  Viking  
  126  14:06  Viking  
  126  14:07  Liberator x2, Orbital Command  
  136  14:19  SCV x3  
  139  14:29  Planetary Fortress  
  139  14:30  Refinery  
  139  14:31  SCV  
  140  14:32  Refinery  
  140  14:36  Fusion Core  
  140  14:38  Refinery  
  140  14:39  Refinery  
  140  14:40  Marine  
  140  14:41  Marine x4, Sensor Tower  
  140  14:42  Sensor Tower  
  141  14:48  Viking x3  
  141  14:49  Marine  
  146  14:59  SCV x2  
  149  15:00  SCV x2  
  149  15:06  Viking  
  149  15:07  Viking, Marine  
  154  15:08  Marine x6, Ghost x2  
  154  15:10  Marauder x2  
  154  15:12  SCV  
  170  15:20  Command Center  
  170  15:36  Marine  
  170  15:37  Marine x5  
  170  15:39  Medivac x5  
  186  15:46  Advanced Ballistics  
  186  15:49  Personal Cloaking  
  186  15:51  Marine  
  186  15:52  Ghost x2  
  186  15:53  Marauder x2  
  195  16:02  Command Center  
  195  16:03  Command Center  
  195  16:06  Command Center  
  195  16:08  Command Center  
  195  16:17  Liberator, Viking  
  196  16:49  Command Center  
  196  16:50  Command Center  
  129  17:09  Marine  
  129  17:10  Marine  
  129  17:11  Marine x7, Ghost x2  
Tags
 
League
Diamond
Matchup
PvT
Replay Pack
SC2Mai2026
Spawn Locations
Cross Positions
Add a new tag
Caveats
  • Supply blocks, unpowered buildings, or Contaminate may cause inaccurate times.
  • Supply counts are checked every 10 seconds.